 Dungeon Crawl Stone Soup version 0.31-a0-150-g89dc3ad700 (webtiles) character file.

Game seed: 1155137919411633540

1803 qw the Skirmisher (level 8, -9/73 HPs)
             Began as a Minotaur Hunter on June 8, 2023.
             Was a Follower of Okawaru.
             Mangled by an ogre
             ... wielding a +0 giant club
              (29 damage)
             ... on level 6 of the Dungeon.
             The game lasted 00:02:06 (5126 turns).

qw the Skirmisher (Minotaur Hunter)                 Turns: 5126, Time: 00:02:07

Health: -9/73      AC:  7    Str: 17    XL:     8   Next: 83%
Magic:  9/10       EV: 16    Int:  6    God:    Okawaru [*.....]
Gold:   304        SH:  0    Dex: 15    Spells: 7/7 levels left

rFire   . . .        Y - +1 shortbow
rCold   + . .        (shield currently unavailable)
rNeg    + . .        l - +2 leather armour {rC+}
rPois   .            (helmet restricted)
rElec   .            (no cloak)
rCorr   .            k - +0 pair of gloves
SInv    .            (no boots)
Will    .....        (no amulet)
Stlth   +++          d - ring of positive energy
HPRegen 0.32/turn    (no ring)
MPRegen 0.12/turn

%: no passive effects
@: heroic
A: horns 2, retaliatory headbutt
a: Renounce Religion, Heroism


You were on level 6 of the Dungeon.
You worshipped Okawaru.
Okawaru was aware of your devotion.
You visited 1 branch of the dungeon, and saw 6 of its levels.

You collected 304 gold pieces.


Innate Abilities, Weirdness & Mutations

You have a pair of horns on your head.
You reflexively headbutt those who attack you in melee.


   Skills:
 - Level 7.0(12.0) Fighting
 + Level 10.2(15.2) Ranged Weapons
 - Level 1.2(6.2) Armour
 - Level 4.0(9.0) Dodging
 - Level 0.7(5.7) Stealth
 - Level 4.0 Invocations


You had 7 spell levels left.
You didn't know any spells.
Your spell library was empty.

Inventory:

Hand Weapons
 Y - a +1 shortbow (weapon)
Armour
 k - a +0 pair of gloves (worn)
 l - a +2 leather armour of cold resistance (worn)
Jewellery
 d - a ring of positive energy (left hand)
Scrolls
 b - 2 scrolls of identify
Potions
 a - a potion of degeneration {unknown}
 e - 2 potions of curing
 f - a potion of invisibility {unknown}
 i - a potion of heal wounds {unknown}

Dungeon Overview and Level Annotations

Branches:
Dungeon (6/15)
 Temple: D:4-7

Altars:
Cheibriados
Dithmenos
Gozag
Kikubaaqudgha
Makhleb
Okawaru
Qazlal
Ru
Wu Jian
Zin


Message History

Found a wand of flame (20).
You see here a wand of flame (20).
You now have 304 gold pieces (gained 10).
An orc comes into view. It is wielding a +0 dagger.
The orc shouts!
You hear a shout!
Enter note: You shoot an arrow.
The arrow closely misses the orc.
A scorpion comes into view.
You shoot an arrow. The arrow hits the scorpion!
The scorpion is heavily wounded.
An ogre comes into view. It is wielding a +0 giant club.
An orc comes into view. It is wielding a +0 flail.
5117 ||| INVOKING Heroism.
You gain the combat prowess of a mighty hero.
You shoot an arrow.
The arrow hits the scorpion but does no damage.
The scorpion is heavily wounded.
The scorpion stings you.
You shoot an arrow. The arrow hits the scorpion!
You kill the scorpion!
Okawaru accepts your kill.
You shoot an arrow. The arrow hits the ogre!
The ogre is moderately wounded.
The ogre hits you with a +0 giant club!!
You shoot an arrow. The arrow barely misses the ogre.
You shoot an arrow. The arrow closely misses the ogre.
The ogre hits you with a +0 giant club!!
You hear a shout!
You shoot an arrow.
The arrow hits the ogre but does no damage.
The ogre is moderately wounded.
You shoot an arrow. The arrow hits the ogre!
The ogre is severely wounded.
The ogre barely misses you.
You shoot an arrow.
The arrow hits the ogre but does no damage.
The ogre is severely wounded.
You shoot an arrow. The arrow completely misses the ogre.
The ogre hits you with a +0 giant club!!
You die...

#..
##.#######.
#..#......#
#..#.~~~~~
#..#.~...
#..#.~.#
#..#o~.#
#..#O~.#
#.#@~o#
#.#.~.#
#.#.~.#
#.#.~.#
#.#.~..
#.#.~~~~
#.#......
#.########
#..###.#######


You could see an ogre and 2 orcs.

Vanquished Creatures
  Pikel (D:4)
  Eustachio (D:4)
  Duvessa (D:5)
  An ice beast (D:5)
  A lemure (D:4)
  Blork the orc (D:4)
  A bullfrog (D:6)
  5 scorpions
  Dowan (D:5)
  A jelly (D:5)
  2 orc priests
  A hound (D:4)
  A gnoll bouda (D:5)
  Jessica (D:2)
  Ijyb (D:4)
  2 sleepcaps
  An iguana (D:5)
  2 orc wizards (D:3)
  A mummy (D:4)
  3 gnolls (D:5)
  3 adders
  A white imp (D:6)
  2 dart slugs
  15 orcs
  7 ball pythons
  10 endoplasms
  5 giant cockroaches
  5 hobgoblins
  5 jackals
  10 kobolds
  5 quokkas
  3 bats
  5 frilled lizards
  7 goblins
  5 rats
117 creatures vanquished.

Notes
Turn   | Place    | Note
-------+----------+-------------------------------------------
     0 | D:1      | qw the Minotaur Hunter began the quest for the Orb.
     0 | D:1      | Reached XP level 1. HP: 18/18 MP: 0/0
     0 | D:1      | 0 ||| qw: Version: 0.2-a-119-g7aa9181
     0 | D:1      | 0 ||| qw: Game counter: 2891
     0 | D:1      | 0 ||| qw: Always use a shield: true
     0 | D:1      | 0 ||| qw: God list: Okawaru
     0 | D:1      | 0 ||| qw: Allow faded altars: false
     0 | D:1      | 0 ||| qw: Do Orc after D:15 true
     0 | D:1      | 0 ||| qw: Do second Lair branch before Depths: true
     0 | D:1      | 0 ||| qw: Lair rune preference: random
     0 | D:1      | 0 ||| qw: Plans: Normal
     0 | D:1      | 0 ||| PLANNING D:1-11
   384 | D:1      | Reached XP level 2. HP: 25/25 MP: 1/1
   400 | D:1      | Reached skill level 5 in Ranged Weapons
   603 | D:1      | Reached skill level 3 in Fighting
   865 | D:1      | Reached XP level 3. HP: 30/31 MP: 2/2
   919 | D:1      | 919 ||| UPGRADING to ring of positive energy.
   920 | D:1      | 920 ||| READING scroll labelled HICOSI KAIMAINK.
   921 | D:1      | 921 ||| READING scroll labelled XYSSURPH UQYT.
   922 | D:1      | 922 ||| DRINKING 3 grey potions.
   923 | D:1      | 923 ||| DROPPING scroll of butterflies.
   935 | D:2      | 935 ||| STAIRDANCE
  1058 | D:2      | HP: 7/31 [poisoned by an adder]
  1063 | D:2      | HP: 3/31 [poisoned by an adder]
  1304 | D:2      | Noticed Jessica
  1314 | D:2      | Killed Jessica
  1315 | D:2      | Reached skill level 6 in Ranged Weapons
  1315 | D:2      | Reached XP level 4. HP: 35/38 MP: 3/3
  1547 | D:2      | 1547 ||| UPGRADING to +0 pair of gloves.
  1552 | D:2      | 1552 ||| UPGRADING to +1 robe of cold resistance.
  1562 | D:2      | 1562 ||| READING 2 scrolls labelled YHUEFO SEWIA.
  1563 | D:2      | 1563 ||| READING scroll labelled DULLUA RINIOH.
  1564 | D:2      | 1564 ||| READING scroll labelled VEOXUALIGU.
  1565 | D:2      | 1565 ||| DROPPING scroll of fear.
  1567 | D:2      | 1567 ||| Stepping ~*~*~tactically~*~*~ (cloud).
  1700 | D:3      | Found an opulent altar of Gozag.
  1767 | D:3      | Found a sacrificial altar of Ru.
  1773 | D:3      | Found an ornate altar of the Wu Jian Council.
  1778 | D:3      | Found an iron altar of Okawaru.
  1779 | D:3      | 1779 ||| PLANNING OKAWARU WORSHIP
  1779 | D:3      | 1779 ||| READING 3 scrolls labelled YTY XOLUTEX.
  1780 | D:3      | 1780 ||| DROPPING 2 scrolls of noise.
  1788 | D:3      | Became a worshipper of Warmaster Okawaru
  1788 | D:3      | 1788 ||| PLANNING D:1-11
  1869 | D:3      | Noticed a scorpion
  1875 | D:3      | Killed a scorpion
  1876 | D:3      | Reached XP level 5. HP: 47/47 MP: 4/4
  2200 | D:3      | Found a burning altar of Makhleb.
  2260 | D:3      | Reached skill level 7 in Ranged Weapons
  2472 | D:3      | Found a faded altar of an unknown god.
  2641 | D:3      | Noticed a blizzard demon
  2645 | D:3      | Noticed a hellwing
  2645 | D:3      | Noticed a neqoxec
  2703 | D:3      | 2703 ||| DROPPING +0 ring mail.
  2704 | D:3      | 2704 ||| DROPPING +0 leather armour.
  2705 | D:3      | 2705 ||| UPGRADING to +2 leather armour of cold resistance.
  2715 | D:3      | 2715 ||| DROPPING +1 robe of cold resistance.
  2716 | D:3      | 2716 ||| READING scroll labelled IDACIERELA.
  2717 | D:3      | 2717 ||| READING scroll labelled XYSOEC JUSME.
  2718 | D:3      | 2718 ||| DRINKING 2 white potions.
  2719 | D:3      | 2719 ||| DROPPING potion of attraction.
  2763 | D:4      | Noticed Ijyb
  2788 | D:4      | Killed Ijyb
  2788 | D:4      | Reached * piety under Okawaru
  2789 | D:4      | Reached skill level 1 in Armour
  2789 | D:4      | Reached XP level 6. HP: 42/53 MP: 5/5
  2796 | D:4      | 2796 ||| FLEEEEING.
  2802 | D:4      | 2802 ||| STAIRDANCE
  2904 | D:4      | Noticed Pikel
  2904 | D:4      | 2904 ||| INVOKING Heroism.
  2932 | D:4      | Killed Pikel
  2932 | D:4      | Reached ** piety under Okawaru
  2933 | D:4      | Reached skill level 9 in Ranged Weapons
  2933 | D:4      | Reached XP level 7. HP: 18/60 MP: 6/6
  3143 | D:4      | Noticed Blork the orc
  3144 | D:4      | 3144 ||| INVOKING Heroism.
  3153 | D:4      | Killed Blork the orc
  3154 | D:4      | Reached skill level 1 in Invocations
  3387 | D:4      | Found a snail-covered altar of Cheibriados.
  3405 | D:4      | Noticed Eustachio
  3406 | D:4      | 3406 ||| INVOKING Heroism.
  3424 | D:4      | Killed Eustachio
  3425 | D:4      | Reached skill level 3 in Dodging
  3425 | D:4      | Reached XP level 8. HP: 68/68 MP: 6/9
  3727 | D:4      | 3727 ||| DROPPING amulet of guardian spirit.
  3728 | D:4      | 3728 ||| DRINKING 2 sedimented white potions.
  3729 | D:4      | 3729 ||| DRINKING 2 murky purple potions.
  3769 | D:4      | 3769 ||| DROPPING potion of enlightenment.
  3770 | D:4      | 3770 ||| DROPPING potion of lignification.
  3795 | D:5      | Entered Level 5 of the Dungeon
  3836 | D:5      | Reached skill level 3 in Invocations
  3938 | D:5      | 3938 ||| INVOKING Heroism.
  4005 | D:5      | 4005 ||| INVOKING Heroism.
  4009 | D:5      | Reached skill level 6 in Fighting
  4032 | D:5      | Found an ancient bone altar of Kikubaaqudgha.
  4091 | D:5      | Noticed Duvessa
  4092 | D:5      | 4092 ||| INVOKING Heroism.
  4102 | D:5      | Killed Duvessa
  4103 | D:5      | Reached skill level 10 in Ranged Weapons
  4110 | D:5      | Noticed Dowan
  4111 | D:5      | 4111 ||| INVOKING Heroism.
  4125 | D:5      | Killed Dowan
  4503 | D:5      | Found a glowing silver altar of Zin.
  4503 | D:5      | Found a shadowy altar of Dithmenos.
  4910 | D:5      | 4910 ||| READING scroll labelled GAHIUNNAIMM.
  4911 | D:5      | 4911 ||| DROPPING 3 potions of brilliance.
  4957 | D:6      | Found a stormy altar of Qazlal.
  5117 | D:6      | 5117 ||| INVOKING Heroism.
  5126 | D:6      | Mangled by an ogre

Levels and vault maps discovered:
D:1:      dpeg_arrival_water_temple_mockup, layout_basic
D:2:      layout_rooms, minmay_indecisive_spiral, uniq_jessica
D:3:      layout_loops_corners, nicolae_overflow_crystal_walls,
          minmay_overflow_temple_star_quad, makhleb_altar_promises_db,
          hellmonk_ecumenical_altar_heavens_door
D:4:      layout_loops_cross, slow_altar_1, uniq_blork_the_orc, uniq_eustachio,
          uniq_ijyb, uniq_pikel
D:5:      layout_cave_pods, kennysheep_mini, gammafunk_temple_overflow_elements,
          uniq_duvessa
D:6:      layout_basic, nicolae_overflow_squiral, grunt_qazlal_sundering,
          nicolae_benzene_ring, minmay_misc_feat_five, uniq_grinder

Skill      XL: |  1  2  3  4  5  6  7  8 |
---------------+-------------------------+-----
Ranged Weapons | 5 6 7 9 10 | 10.2
Fighting       | 3 4 5 7 |  7.0
Armour         | 1 |  1.2
Invocations    | 2 4 |  4.0
Dodging        | 3 4 |  4.0
Stealth        | |  0.7

Action                     |  1- 3 |  4- 6 |  7- 9 || total
---------------------------+-------+-------+-------++-------
  Melee: Unarmed           |       |    18 |       ||    18
   Fire: Shortbow          |   150 |   147 |   188 ||   485
 Invoke: Heroism           |       |     1 |     7 ||     8
    Use: Scroll            |     2 |     6 |     1 ||     9
         Potion            |     1 |     1 |     2 ||     4
 Armour: Leather armour    |    13 |     3 |    13 ||    29
         Robe              |       |     6 |       ||     6
         Skin              |       |     2 |       ||     2
  Dodge: Dodged            |    34 |    42 |    28 ||   104

Table legend:
 A = Non-vault XP
 B = Vault XP
 C = Vault XP percentage of total XP
 D = Non-vault monster count
 E = Vault monster count
 F = Vault count percentage of total count
                 A         B        C        D         E       F
            +---------+---------+-------+---------+---------+-------
      Total |    1269 |    1307 |  50.7 |     104 |      12 |  10.3
            +---------+---------+-------+---------+---------+-------
        D:1 |      44 |       0 |   0.0 |      29 |       0 |   0.0
        D:2 |      47 |      44 |  48.4 |      15 |       5 |  25.0
        D:3 |     236 |       0 |   0.0 |      23 |       0 |   0.0
        D:4 |     100 |    1052 |  91.3 |      13 |       5 |  27.8
        D:5 |     648 |     211 |  24.6 |      21 |       2 |   8.7
        D:6 |     194 |       0 |   0.0 |       3 |       0 |   0.0
            +---------+---------+-------+---------+---------+-------
